 Dungeon Crawl Stone Soup version 0.29.0-15-g675c0067aa (webtiles) character file.

Game seed: 17048625805026234900

153924 ragingrage the Severer (level 16, -10/155 HPs)
             Began as a Minotaur Berserker on Sept 11, 2022.
             Was a High Priest of Trog.
             Splashed by a goliath frog's acid (12 damage)
             ... on level 4 of the Swamp.
             The game lasted 00:20:00 (30552 turns).

ragingrage the Severer (Minotaur Berserker)        Turns: 30552, Time: 00:20:01

Health: -10/155    AC: 17    Str: 36    XL:     16   Next: 77%
Magic:  15/15      EV: 15    Int:  4    God:    Trog [*****.]
Gold:   1125       SH: 12    Dex: 12    Spells: 15/15 levels left

rFire   + . .      SeeInvis .   a - +9 broad axe (flame)
rCold   + . .      Faith    .   y - +0 kite shield
rNeg    + . .      Spirit   .   j - +6 scale mail of the Swamp {Will++ Str+4 Stlth+}
rPois   +          Reflect  .   m - +0 hat {Stlth+}
rElec   .          Harm     .   H - +1 cloak of Hoskaul {Fly Will+ Str+2 Stlth+}
rCorr   .          Rampage  .   t - +1 pair of gloves
Will    +++++                   (no boots)
Stlth   +++++.....              z - amulet of Eneepoaf {+Blink rF+ Regen+ Stlth+}
HPRegen 1.15/turn               F - ring of poison resistance
MPRegen 0.14/turn               D - ring of Filaixt {rC+ rN+ Will+ Dex+2 Stlth+}

@: corroded, flying
A: horns 2, retaliatory headbutt
}: 1/15 runes: decaying
a: Renounce Religion, Evoke Blink, Berserk, Trog's Hand, Brothers in Arms


You were on level 4 of the Swamp.
You worshipped Trog.
Trog was extremely pleased with you.
You visited 4 branches of the dungeon, and saw 26 of its levels.

You collected 4650 gold pieces.
You spent 3525 gold pieces at shops.

Inventory:

Hand Weapons
 a - a +9 broad axe of flaming (weapon)
Missiles
 i - 6 curare-tipped darts (quivered)
 w - 51 poisoned darts
Armour
 j - the +6 scale mail of the Swamp (worn) {Will++ Str+4 Stlth+}
   (You acquired it on level 2 of the Orcish Mines)

   Str:       It affects your strength (+4).
   Will:      It greatly increases your willpower.
   Stlth:     It makes you more stealthy.
 m - a +0 hat of stealth (worn)
 t - a +1 pair of gloves (worn)
 y - a +0 kite shield (worn)
 G - the +1 leather armour "Zogimupnukh" {rPois Will+ Dex+3 Stlth+}
   (You found it on level 7 of the Dungeon)

   Dex:       It affects your dexterity (+3).
   rPois:     It protects you from poison.
   Will:      It increases your willpower.
   Stlth:     It makes you more stealthy.
 H - the +1 cloak of Hoskaul (worn) {Fly Will+ Str+2 Stlth+}
   (You acquired it on level 2 of the Orcish Mines)

   Str:       It affects your strength (+2).
   Fly:       It grants you flight.
   Will:      It increases your willpower.
   Stlth:     It makes you more stealthy.
 O - +0 fire dragon scales
Jewellery
 f - the amulet of the Four Winds {rN+ Will+++ Clar}
   (You found it on level 1 of the Swamp)

   [amulet of nothing]

   rN:        It protects you from negative energy.
   Clar:      It protects you against confusion.
   Will:      It greatly increases your willpower.
 k - a ring of resist corrosion
 v - a +4 ring of slaying
 z - the amulet of Eneepoaf (around neck) {+Blink rF+ Regen+ Stlth+}
   (You bought it in a shop on level 3 of the Dungeon)

   [amulet of regeneration]

   rF:        It protects you from fire.
   +Blink:    It lets you blink.
   Regen:     It increases your rate of health regeneration.
   Stlth:     It makes you more stealthy.
 D - the ring of Filaixt (right hand) {rC+ rN+ Will+ Dex+2 Stlth+}
   (You bought it in a shop on level 9 of the Dungeon)

   [ring of positive energy]

   Dex:       It affects your dexterity (+2).
   rC:        It protects you from cold.
   rN:        It protects you from negative energy.
   Will:      It increases your willpower.
   Stlth:     It makes you more stealthy.
 F - a ring of poison resistance (left hand)
 K - a ring of ice
 V - a ring of see invisible
Wands
 o - a wand of charming (23)
 p - a wand of digging (7)
 u - a wand of flame (52)
 x - a wand of mindburst (23)
 J - a wand of polymorph (7)
 P - a wand of roots (12)
 R - a wand of light (3)
Scrolls
 c - 2 scrolls of enchant armour
 l - 8 scrolls of fog
 n - 11 scrolls of teleportation
 r - 2 scrolls of identify {@rr}
 s - 3 scrolls of magic mapping
 C - 7 scrolls of poison
 L - 3 scrolls of blinking
 N - a scroll of fear
 Q - a scroll of summoning
 S - a scroll of brand weapon {unknown}
Potions
 b - 5 potions of lignification
 d - 6 potions of curing
 e - 5 potions of heal wounds
 g - 6 potions of flight
 h - 5 potions of might
 q - a potion of magic {unknown}
 A - 5 potions of attraction
 B - 12 potions of mutation
 E - 4 potions of resistance
 I - 2 potions of ambrosia
 T - 4 potions of cancellation
 U - 2 potions of haste {unknown}
 W - 3 potions of degeneration
 X - a potion of invisibility {unknown}
Miscellaneous
 M - a condenser vane (inert)


   Skills:
 + Level 17.5 Fighting
 - Level 18.0 Axes
 + Level 10.1 Throwing
 + Level 13.8 Armour
 + Level 12.4 Dodging
 + Level 13.9 Shields
 - Level 7.0 Evocations


You had 15 spell levels left.
You didn't know any spells.
Your spell library was empty.

Dungeon Overview and Level Annotations

Branches:
Dungeon (15/15)            Temple (0/1) D:4            Lair (5/5) D:11
  Swamp (4/4) Lair:3       Spider (0/4) Lair:3        Slime (0/5) Lair:5
    Orc (2/2) D:10            Elf (0/3) Orc:2        Vaults (0/5) D:14
 Depths (0/4) D:15

Altars:
Cheibriados
Dithmenos
Elyvilon
Fedhas
Gozag
Hepliaklqana
Kikubaaqudgha
Makhleb
Nemelex Xobeh
Qazlal
Xom
Yredelemnul
Zin
The Shining One
Jiyva

Shops:
D:3 =   D:9 =   D:12 =   Orc:2 [???

Annotations:
Lair:5 1 runed translucent door


Innate Abilities, Weirdness & Mutations

You have a pair of horns on your head.
You reflexively headbutt those who attack you in melee.


Message History

The goliath frog is engulfed in freezing vapours.
The goliath frog seems to slow down.
The goliath frog completely misses you.
The eleionoma is engulfed in freezing vapours.
The eleionoma touches a tree and draws upon its vitality.
The eleionoma is healed.
Unknown command.
Unknown command.
You slash the swamp worm! You burn the swamp worm!
The swamp worm is severely wounded.
You slice the eleionoma!! You burn the eleionoma! You slice the thorn hunter!!
You burn the thorn hunter.
You destroy the thorn hunter!
Trog accepts your kill.
You slice the bunyip!! You burn the bunyip!
The goliath frog is engulfed in freezing vapours.
The goliath frog seems to slow down.
The goliath frog closely misses you.
The swamp worm is engulfed in freezing vapours.
The swamp worm completely misses you. You furiously retaliate!
You headbutt the swamp worm, but do no damage.
The swamp worm is engulfed in freezing vapours.
The eleionoma is engulfed in freezing vapours.
You kill the eleionoma!
Trog accepts your kill.
The goliath frog is engulfed in freezing vapours.
The goliath frog seems to slow down.
You block the goliath frog's attack.
You miss the swamp worm.
The swamp worm is almost dead.
You slice the bunyip!! You burn the bunyip!
The eleionoma is engulfed in freezing vapours.
The eleionoma hurls a spray of splinters at you.
The spray of wooden splinters hits you!!
* * * LOW HITPOINT WARNING * * *
The swamp worm is engulfed in freezing vapours.
You kill the swamp worm!
Trog accepts your kill.
The goliath frog is engulfed in freezing vapours.
The goliath frog seems to slow down.
The goliath frog hits you from afar!!
* * * LOW HITPOINT WARNING * * *
You are splashed with acid!
You die... ♣♣.♣.~.~♣. ♣♣♣.....~.~§. ♣♣P♣PPPPPPP.~.

♣§~PPPPPPP..~♣
♣.(.....~.~♣~♣
♣♣~..~.~..§)~..
♣~..~~§§§§.....
♣.?..§§§§.../.
♣~...♣@§§§~~.♣
♣.§..♣§xF§..~♣ ♣♣
♣♣§♣♣♣FR§§~~.♣
~♣♣♣♣♣♣♣♣♣♣~..♣♣w§§~.~~♣
~...~♣.~~.♣♣..♣♣♣§.~.~~♣
~~~~...~~§.~~~♣ ..~...♣
~~~.~~~...~~~~♣♣ ~~~..♣♣
..♣♣.~~...~~~..♣ ♣§~..♣
?..♣♣~~.~.~~.~.♣♣


You could see a bunyip (strong), an eleionoma, 2 goliath frogs and a swamp worm
(strong).

Vanquished Creatures
  Gastronok (Lair:1)
  Kirke (Swamp:3)
  2 thorn hunters (Swamp:4)
  A fenstrider witch (Swamp:3)
  An eleionoma (Swamp:4)
  A bunyip (Swamp:3)
  Snorg (Orc:2)
  2 fire dragons
  12 hydras
  3 boulder beetles
  2 ghost crabs (Swamp:3)
  3 centaur warriors
  6 alligators
  9 two-headed ogres
  2 tengu warriors
  3 spriggan berserkers
  3 orc high priests (Orc:2)
  A sun demon (D:14)
  A fire crab (shapeshifter) (D:14)
  6 goliath frogs
  7 spriggan druids
  9 bog bodies
  2 lindwurms
  13 swamp dragons
  A wizard (D:15)
  4 deep elf zephyrmancers (Orc:1)
  5 will-o-the-wisps
  5 deep elf pyromancers
  9 orc knights
  A necromancer (D:15)
  3 oklob plants
  7 orc sorcerers
  7 ugly things
  A cyclops (D:12)
  3 manticores
  A wolf spider (Lair:5)
  14 elephants
  8 black mambas (Lair:5)
  Joseph (D:8)
  2 centaur zombies (D:11)
  Maurice (D:11)
  A guardian serpent (Lair:5)
  2 naga magi (D:15)
  2 efreet (D:14)
  12 cane toads
  5 centaur skeletons
  A gargoyle (D:10)
  An unseen horror (D:11)
  Maggie (Lair:1)
  10 komodo dragons
  6 rime drakes
  A kobold demonologist (D:14)
  2 polar bears (Lair:2)
  6 trolls
  2 queen bees (shapeshifter)
  9 tyrant leeches
  11 hornets
  Grinder (D:3)
  16 slime creatures
  2 centaur simulacra (D:15)
  12 wyverns
  3 vampires
  A wraith (D:10)
  A shadow (D:12)
  10 spriggans
  3 fire elementals (D:14)
  3 hogs (Swamp:3)
  16 humans (D:14)
  4 basilisks
  47 yaks
  2 steam dragons
  3 redbacks
  Edmund (D:4)
  6 vampire mosquitoes
  Menkaure (D:5)
  22 swamp worms
  23 water moccasins
  2 acid dragons
  3 wargs
  38 orc warriors
  3 sky beasts
  5 black bears
  10 ogres
  9 swamp drakes
  4 boggarts (D:14)
  8 centaurs
  18 wolves
  A phantom (D:7)
  2 kobold brigands (D:8)
  11 bullfrogs
  A gnoll sergeant (Orc:2)
  6 scorpions
  A necrophage (D:7)
  22 wights
  6 killer bees (D:9)
  4 electric eels (Lair:5)
  4 howler monkeys
  3 lava snakes (Lair:5)
  A jelly (D:6)
  21 orc priests
  A hound (D:6)
  A spectral boggart (D:11)
  Crazy Yiuf (D:2)
  A gnoll bouda (Orc:2)
  Ijyb (D:3)
  5 iguanas
  Natasha (thrice) (D:3)
  30 orc wizards
  A boggart skeleton (D:15)
  10 gnolls
  6 adders
  A white imp (D:5)
  An ufetubus (D:4)
  2 worms
  2 dart slugs
  59 orcs
  An endoplasm (D:3)
  3 giant cockroaches
  6 goblins
  5 hobgoblins
  4 quokkas
  5 ball pythons
  5 bats
  5 frilled lizards
  19 kobolds
  4 rats
  A plant (Lair:5)
780 creatures vanquished.

Vanquished Creatures (collateral kills)
  The ghost of Ykec Esm the Carver, a journeyman DrWn of Ashenzari (Swamp:1)
  A hydra (Swamp:2)
  A goliath frog (Swamp:2)
  A swamp dragon (Swamp:4)
  A tyrant leech (Swamp:2)
5 creatures vanquished.

Vanquished Creatures (others)
  A swamp dragon (Swamp:4)
  A bloated husk (Swamp:3)
  A lava snake (Lair:5)
  2 orcs
  14 foxfires
  43 fungi
  45 plants
107 creatures vanquished.

Grand Total: 892 creatures vanquished

Notes
Turn   | Place    | Note
-------+----------+-------------------------------------------
     0 | D:1      | ragingrage the Minotaur Berserker began the quest for the
                  | Orb.
     0 | D:1      | Reached XP level 1. HP: 19/19 MP: 0/0
     6 | D:1      | Noticed a wolf
     6 | D:1      | Noticed a polar bear
     7 | D:1      | Noticed a lindwurm
     7 | D:1      | Noticed a salamander
   554 | D:1      | Reached skill level 4 in Axes
   593 | D:1      | Reached XP level 2. HP: 20/26 MP: 1/1
   976 | D:1      | Found a faded altar of an unknown god.
  1837 | D:2      | Reached skill level 5 in Axes
  1837 | D:2      | Reached XP level 3. HP: 31/31 MP: 2/2
  2570 | D:2      | Reached skill level 6 in Axes
  2570 | D:2      | Reached XP level 4. HP: 39/39 MP: 3/3
  2714 | D:2      | Found a runed translucent door.
  2715 | D:2      | Noticed Crazy Yiuf
  2916 | D:2      | Killed Crazy Yiuf
  2923 | D:2      | Identified the +8 hammer of Truth {pain, rElec rPois Str+2}
  3041 | D:3      | Noticed Natasha
  3053 | D:3      | Killed Natasha
  3073 | D:3      | Found an ancient bone altar of Kikubaaqudgha.
  3091 | D:3      | Noticed Natasha
  3093 | D:3      | Noticed Ijyb
  3100 | D:3      | Killed Natasha
  3101 | D:3      | Reached skill level 7 in Axes
  3101 | D:3      | Reached XP level 5. HP: 23/45 MP: 4/4
  3108 | D:3      | Killed Ijyb
  3186 | D:3      | Noticed Natasha
  3237 | D:3      | Killed Natasha
  3607 | D:3      | Reached skill level 8 in Axes
  3697 | D:3      | Reached ** piety under Trog
  3786 | D:3      | Found Yrerrof's Jewellery Emporium.
  3868 | D:3      | Noticed Grinder
  3877 | D:3      | Killed Grinder
  3878 | D:3      | Reached skill level 9 in Axes
  3878 | D:3      | Reached XP level 6. HP: 51/51 MP: 5/5
  4058 | D:4      | Reached XP level 7. HP: 55/57 MP: 6/6
  4379 | D:4      | Found a staircase to the Ecumenical Temple.
  4495 | D:4      | Found an opulent altar of Gozag.
  4495 | D:4      | Found a sparkling altar of Nemelex Xobeh.
  4597 | D:4      | Found a hazy altar of Hepliaklqana.
  4597 | D:4      | Noticed Edmund
  4598 | D:4      | Found a faded altar of an unknown god.
  4612 | D:4      | Killed Edmund
  4613 | D:4      | Reached skill level 10 in Axes
  5231 | D:5      | Entered Level 5 of the Dungeon
  5298 | D:5      | Reached skill level 11 in Axes
  5373 | D:5      | Found a shimmering altar of Xom.
  5376 | D:5      | Noticed Menkaure
  5403 | D:5      | Killed Menkaure
  5404 | D:5      | Reached XP level 8. HP: 38/64 MP: 7/7
  5638 | D:5      | Reached skill level 12 in Axes
  5876 | D:5      | Found a glowing silver altar of Zin.
  6158 | D:5      | Found a blossoming altar of Fedhas.
  6314 | D:6      | Reached skill level 13 in Axes
  6664 | D:6      | Reached skill level 14 in Axes
  6865 | D:7      | Reached XP level 9. HP: 30/70 MP: 8/8
  7533 | D:7      | Identified the +1 leather armour "Zogimupnukh" {rPois Will+
                  | Dex+3 Stlth+}
  7567 | D:7      | Reached skill level 15 in Axes
  7648 | D:7      | Found a white marble altar of Elyvilon.
  8071 | D:8      | Noticed Joseph
  8084 | D:8      | Killed Joseph
  8085 | D:8      | Reached skill level 16 in Axes
  8347 | D:8      | Reached *** piety under Trog
  8825 | D:8      | Reached skill level 1 in Shields
  8825 | D:8      | Reached XP level 10. HP: 72/77 MP: 9/9
  8829 | D:8      | Reached skill level 1 in Throwing
  9186 | D:8      | Found a shadowy altar of Dithmenos.
  9707 | D:9      | Noticed a two-headed ogre
  9713 | D:9      | Killed a two-headed ogre
  9714 | D:9      | Reached skill level 5 in Fighting
 10002 | D:9      | Reached **** piety under Trog
 10051 | D:9      | Found Jeutz's One-of-a-Kind Rings.
 10105 | D:9      | Noticed a two-headed ogre
 10115 | D:9      | Killed a two-headed ogre
 10120 | D:9      | Reached skill level 5 in Armour
 10982 | D:10     | Entered Level 10 of the Dungeon
 10987 | D:10     | Noticed a two-headed ogre
 10997 | D:10     | Killed a two-headed ogre
 10998 | D:10     | Reached skill level 5 in Dodging
 10998 | D:10     | Reached XP level 11. HP: 81/89 MP: 10/10
 11074 | D:10     | Found a burning altar of Makhleb.
 11234 | D:10     | Found a stormy altar of Qazlal.
 11244 | D:10     | Noticed a two-headed ogre
 11251 | D:10     | Killed a two-headed ogre
 11252 | D:10     | Reached skill level 5 in Shields
 11430 | D:10     | Found a staircase to the Orcish Mines.
 11456 | D:10     | Found a basalt altar of Yredelemnul.
 11573 | D:10     | Found a snail-covered altar of Cheibriados.
 11658 | D:10     | Found a glowing golden altar of the Shining One.
 11660 | D:10     | Noticed an angel
 11706 | D:10     | Noticed a two-headed ogre
 11712 | D:10     | Killed a two-headed ogre
 12235 | D:11     | Found a staircase to the Lair.
 12290 | D:11     | Noticed a two-headed ogre
 12301 | D:11     | Killed a two-headed ogre
 12302 | D:11     | Reached skill level 5 in Throwing
 12401 | D:11     | Noticed a two-headed ogre
 12409 | D:11     | Killed a two-headed ogre
 12708 | D:11     | Noticed Maurice
 12719 | D:11     | Killed Maurice
 12753 | D:11     | Noticed a seven-headed hydra
 12761 | D:11     | Killed a four-headed hydra
 13096 | D:11     | Noticed a five-headed hydra
 13102 | D:11     | Killed a one-headed hydra
 13628 | D:12     | Reached XP level 12. HP: 103/103 MP: 11/11
 13652 | D:12     | Found Quahop's Jewellery Shop.
 14038 | D:12     | HP: 7/154 [orc warrior/+1 halberd of freezing (1)]
 14140 | D:12     | Reached ***** piety under Trog
 14638 | D:12     | Noticed a boulder beetle
 14646 | D:12     | Killed a boulder beetle
 15426 | D:13     | Noticed a centaur warrior
 15434 | D:13     | Killed a centaur warrior
 15833 | D:13     | Noticed a two-headed ogre
 15839 | D:13     | Killed a two-headed ogre
 15879 | D:13     | Noticed a tengu warrior
 15894 | D:13     | Killed a tengu warrior
 16178 | D:13     | Identified the +7 scimitar "Coock" {vorpal, *Rage *Noise
                  | rPois rN+++}
 16245 | D:13     | Reached skill level 10 in Fighting
 17316 | Lair:1   | Entered Level 1 of the Lair of Beasts
 17316 | Lair:1   | Noticed Gastronok
 17330 | Lair:1   | Killed Gastronok
 17551 | D:3      | Bought the amulet of Eneepoaf {+Blink rF+ Regen+ Stlth+}
                  | for 591 gold pieces
 17822 | Lair:1   | Reached skill level 10 in Armour
 17895 | Lair:1   | Reached XP level 13. HP: 114/114 MP: 12/12
 17899 | Lair:1   | Reached skill level 10 in Shields
 18066 | Lair:1   | Noticed Maggie
 18076 | Lair:1   | Killed Maggie
 18076 | Lair:1   | Received a gift from Trog
 18204 | Lair:1   | Reached skill level 17 in Axes
 18854 | Lair:2   | Found a blossoming altar of Fedhas.
 19069 | Lair:2   | Reached skill level 18 in Axes
 19814 | Lair:3   | Found a staircase to the Swamp.
 20193 | Lair:3   | Found a hole to the Spider Nest.
 21365 | Lair:5   | Entered Level 5 of the Lair of Beasts
 21441 | Lair:5   | Reached skill level 15 in Fighting
 21445 | Lair:5   | Reached XP level 14. HP: 127/135 MP: 13/13
 21575 | Lair:5   | Received a gift from Trog
 21576 | Lair:5   | Reached skill level 1 in Evocations
 22350 | Lair:5   | Found a runed translucent door.
 22350 | Lair:5   | Found a viscous altar of Jiyva.
 22350 | Lair:5   | Found a staircase to the Slime Pits.
 23518 | D:14     | Found a gate to the Vaults.
 23529 | D:14     | Reached skill level 10 in Dodging
 23612 | D:14     | You fall into a shaft and drop 1 floor!
 23612 | D:15     | Entered Level 15 of the Dungeon
 23661 | D:14     | Received a gift from Trog
 24372 | Orc:1    | Entered Level 1 of the Orcish Mines
 24504 | Orc:2    | Entered Level 2 of the Orcish Mines
 24505 | Orc:2    | Noticed Snorg
 24517 | Orc:2    | Killed Snorg
 24521 | Orc:2    | Reached XP level 15. HP: 143/143 MP: 14/14
 24684 | Orc:2    | Received a gift from Trog
 25132 | Orc:2    | Found a staircase to the Elven Halls.
 25337 | Orc:2    | Found Geuzeu's Antique Armour Emporium.
 25339 | Orc:2    | Received a gift from Trog
 25348 | Orc:2    | Found Seinnusi's Magic Scroll Boutique.
 25728 | Orc:2    | Found Fidovynk's Magic Scroll Emporium.
 25729 | Orc:2    | Found Arekkeir's Magic Scroll Boutique.
 25743 | Orc:2    | Bought a scroll of blinking for 120 gold pieces
 25743 | Orc:2    | Bought a scroll of summoning for 152 gold pieces
 25743 | Orc:2    | Bought a scroll of acquirement for 832 gold pieces
 25743 | Orc:2    | Bought a scroll of teleportation for 48 gold pieces
 25743 | Orc:2    | Bought a scroll of acquirement for 832 gold pieces
 25743 | Orc:2    | Bought a scroll of teleportation for 48 gold pieces
 25746 | Orc:2    | Bought a scroll of enchant weapon for 105 gold pieces
 25755 | Orc:2    | Bought a scroll of fog for 52 gold pieces
 25903 | Orc:2    | Acquired the +1 cloak of Hoskaul {Fly Will+ Str+2 Stlth+}
 25917 | Orc:2    | Acquired 724 gold pieces
 25920 | Orc:2    | Acquired 510 gold pieces
 25922 | Orc:2    | Acquired the +6 scale mail of the Swamp {Will++ Str+4
                  | Stlth+}
 26026 | D:9      | Bought the ring of Filaixt {rC+ rN+ Will+ Dex+2 Stlth+} for
                  | 745 gold pieces
 26175 | D:15     | Reached skill level 5 in Evocations
 26364 | D:15     | Found a staircase to the Depths.
 26563 | D:15     | Found a glowing silver altar of Zin.
 27131 | Swamp:1  | Entered Level 1 of the Swamp
 27162 | Swamp:1  | Received a gift from Trog
 27806 | Swamp:1  | Found a runed translucent door.
 27807 | Swamp:1  | Noticed Ykec Esm's ghost (journeyman DrWn)
 27807 | Swamp:1  | Found the amulet of the Four Winds {rN+ Will+++ Clar}
 27939 | Swamp:1  | Killed Ykec Esm's ghost
 28223 | Swamp:2  | You are sucked into a shaft and drop 1 floor!
 28310 | Swamp:3  | Noticed a fenstrider witch
 28322 | Swamp:3  | Killed a fenstrider witch
 28323 | Swamp:3  | Reached XP level 16. HP: 123/154 MP: 15/15
 28750 | Swamp:3  | Noticed Kirke
 28763 | Swamp:3  | Killed Kirke
 28862 | Swamp:2  | Identified the +5 ring mail of the Loofah {Harm}
 29541 | Swamp:4  | Entered Level 4 of the Swamp
 29880 | Swamp:4  | Noticed a thorn hunter
 29889 | Swamp:4  | Killed a thorn hunter
 29952 | Swamp:4  | Received a gift from Trog
 30357 | Swamp:4  | Got a decaying rune of Zot
 30404 | Swamp:4  | Reached skill level 10 in Throwing
 30545 | Swamp:4  | Noticed a thorn hunter
 30551 | Swamp:4  | Killed a thorn hunter
 30552 | Swamp:4  | HP: 2/155 [goliath frog (26)]
 30552 | Swamp:4  | Splashed by a goliath frog's acid

Illustrated notes

Levels and vault maps discovered:
D:1:      onia_arrival_zoo_common, layout_basic, basic_ecumenical_altar,
          minmay_tromino_v4_b
D:2:      layout_loops_ring, minivault_26, chequers_jeans,
          uniq_crazy_yiuf_cottage
D:3:      layout_basic, kiku_gazebo_garden_becter, serial_shops, shop,
          uniq_grinder, uniq_natasha, uniq_ijyb
D:4:      layout_basic, grunt_temple_overflow_opulence,
          beargit_hepliaklqana_dungeon_heroes, minmay_temple_entry_sparse_star
D:5:      layout_rooms, xom_teletrap_fun, lemuel_doored_altar,
          nicolae_overflow_hidden_temple, kennysheep_crisscross, uniq_menkaure
D:6:      layout_basic
D:7:      layout_basic, nicolae_overflow_crystal_walls
D:8:      layout_loops_ring, old_standard_altar, nicolae_eternal_life,
          uniq_joseph
D:9:      layout_loops_corners, nicolae_shop_unique_rings
D:10:     layout_irregular_city, grunt_temple_overflow_holy_war,
          marbit_many_paths, mainiacjoe_overflow_alcove_2,
          nicolae_qazlal_general_emergency, orc_0_dummy
D:11:     layout_irregular_city, due_lair_maze_entry_diamond,
          hangedman_weighted_door, uniq_maurice
D:12:     layout_long_grid, special_room [special_room_orc], serial_shops, shop,
          nzn_life_drinkers
D:13:     layout_basic
D:14:     minmay_firetagon, layout_long_grid, david_vaults_3, dk_noncrumbling_3
D:15:     grunt_enter_depths_magical_seal, layout_gridville, zin_angel
Lair:1:   layout_small_grid, infiniplex_staircase_pool_2, lemuel_fruit_fields,
          uniq_maggie, uniq_gastronok
Lair:2:   layout_chaotic_city, minivault_19, dreamdust_mushroom_princess,
          chequers_serial_rivers_micro_e, hangedman_tree_tricks,
          serial_bayou_lagoon_b
Lair:3:   layout_cave_pods, minmay_swamp_entry_worms, spider_nest_entry_webs,
          grunt_forest_small_clearing_treed, grunt_megastairs_3
Lair:4:   layout_loops_ring, lemuel_fruit_tree
Lair:5:   guppyfry_lair_end_dragon, layout_regular_city,
          hangedman_lair_tendril_chambers, slime_entry_2,
          nicolae_lair_liquid_snakes
Swamp:1:  layout_basic_swamp, gammafunk_ghost_grave, evilmike_swamp_ruin_house_2
Swamp:2:  layout_basic_swamp, nicolae_swamp_trees_clearing
Swamp:3:  layout_basic_swamp, evilmike_swamp_ruin_house_3, uniq_kirke
Swamp:4:  swamp_basic_johnstein, layout_basic_swamp, nicolae_swamp_no_escape
Orc:1:    layout_caves, elves_outpost_lemuel
Orc:2:    st_orc_elflike, layout_caves, uniq_snorg

Skill      XL: |  1  2  3  4  5  6  7  8  9 10 11 12 13 14 15 16 |
---------------+-------------------------------------------------+-----
Axes           | 4 5 6 7 9 11 14 16 18 | 18.0
Shields        | 1 4 7 9 10 11 12 13 | 13.9
Fighting       | 6 8 10 15 16 17 | 17.5
Throwing       | 4 6 7 9 10 | 10.1
Armour         | 5 7 10 11 12 13 | 13.8
Dodging        | 5 7 9 10 11 12 | 12.4
Evocations     | 4 6 7 |  7.0

Action                   |  1- 3 |  4- 6 |  7- 9 | 10-12 | 13-15 | 16-18 || total
-------------------------+-------+-------+-------+-------+-------+-------++-------
Melee: Hand axe          |    92 |    67 |   255 |   480 |    25 |       ||   919
       Headbutt          |    10 |    10 |    49 |   128 |   155 |    32 ||   384
       Punch             |     1 |       |       |       |       |       ||     1
       Broad axe         |       |       |       |       |   741 |   205 ||   946
Throw: Dart              |       |       |       |    10 |     1 |       ||    11
Invok: Berserk           |     1 |     3 |     5 |     6 |     8 |     2 ||    25
       Trog's Hand       |       |     1 |       |     1 |       |     1 ||     3
       Brothers in Arms  |       |       |       |       |     2 |     1 ||     3
Evoke: Condenser vane    |       |       |       |       |     1 |     1 ||     2
  Use: Scroll            |       |       |     4 |    10 |    17 |     3 ||    34
       Potion            |       |       |       |       |     1 |       ||     1
 Stab: Sleeping          |       |       |       |     1 |    35 |     9 ||    45
       Distracted        |       |       |       |       |     1 |     2 ||     3
       Confused          |       |       |       |       |       |     2 ||     2
Armor: Animal skin       |     5 |       |       |       |       |       ||     5
       Ring mail         |    18 |    21 |    58 |       |       |       ||    97
       Leather armour    |       |       |    37 |   133 |   145 |       ||   315
       Scale mail        |       |       |       |       |    33 |    87 ||   120
Dodge: Dodged            |    55 |    35 |   100 |   161 |   265 |    94 ||   710
Block: Kite shield       |       |       |    63 |   144 |   310 |   118 ||   635
